 Dungeon Crawl Stone Soup version 0.30-a0-218-gedb9141078 (webtiles) character file.

Game seed: 1051758268876037315

13673 Decritt the Geomancer (level 12, -8/76 HPs)
             Began as a Gargoyle Earth Elementalist on Oct 5, 2022.
             Was a Priest of Vehumet.
             Mangled by a slime creature (15 damage)
             ... on level 12 of the Dungeon.
             The game lasted 00:31:22 (12666 turns).

Decritt the Geomancer (GrEE)                       Turns: 12666, Time: 00:31:22

Health: -8/76      AC: 24    Str: 18    XL:     12   Next: 8%
Magic:  15/24      EV: 13    Int: 25    God:    Vehumet [***...]
Gold:   2071       SH:  0    Dex: 10    Spells: 23/27 levels left

rFire   + + .      SeeInvis .    w - +7 flail "Fauhis" {spect, rPois}
rCold   . . .      Faith    .    (no shield)
rNeg    + . .      Spirit   .    H - +2 leather armour of the Pits of Slime {rF++ Int+4 Slay-5}
rPois   ∞          Reflect  .    s - +1 helmet
rElec   +          Harm     .    (no cloak)
rCorr   .          Rampage  .    f - +0 pair of gloves
Will    .....                    v - +0 pair of boots
Stlth   ++........               p - amulet of the acrobat
HPRegen 0.32/turn                j - +4 ring of protection
MPRegen 0.19/turn                J - +6 ring of strength

@: no status effects
A: sickness immunity, AC +8, negative energy resistance 1, electricity
resistance, torment resistance 1, petrification resistance
a: Renounce Religion


You were on level 12 of the Dungeon.
You worshipped Vehumet.
Vehumet was most pleased with you.
You visited 2 branches of the dungeon, and saw 13 of its levels.
You also visited: Bailey.

You collected 2211 gold pieces.
You spent 140 gold pieces at shops.

Inventory:

Hand Weapons
 c - the +5 sling "Iqusos" {vorpal, Str+3 Int+2}
   (You found it on level 4 of the Dungeon)

   Any ammunition fired from it inflicts extra damage upon your enemies.
   Str:       It affects your strength (+3).
   Int:       It affects your intelligence (+2).
 w - the +7 flail "Fauhis" (weapon) {spect, rPois}
   (You found it on level 6 of the Dungeon)

   When its wielder attacks, the weapon's spirit leaps out and strikes again.
   The spirit shares a part of any damage it takes with its wielder.
   rPois:     It protects you from poison.
 D - the +10 sling of Dim Light {flame, Fly rF++ rCorr Int-4}
   (You found it on level 8 of the Dungeon)

   Any ammunition fired from it burns those it strikes, dealing additional fire
   damage.
   Int:       It affects your intelligence (-4).
   rF:        It greatly protects you from fire.
   Fly:       It grants you flight.
   rCorr:     It protects you from acid and corrosion.
Missiles
 m - 2 throwing nets
Armour
 f - a +0 pair of gloves (worn)
 s - a +1 helmet (worn)
 v - a +0 pair of boots (worn)
 B - a +2 robe of willpower
 H - the +2 leather armour of the Pits of Slime (worn) {rF++ Int+4 Slay-5}
   (You found it on level 8 of the Dungeon)

   Int:       It affects your intelligence (+4).
   Slay:      It affects your accuracy & damage with ranged weapons and melee
   (-5).
   rF:        It greatly protects you from fire.
Magical Staves
 n - a staff of death
Jewellery
 d - a ring of protection from fire
 j - a +4 ring of protection (left hand)
 p - an amulet of the acrobat (around neck)
 E - a ring of wizardry
 J - a +6 ring of strength (right hand)
Wands
 l - a wand of light (8)
 u - a wand of iceblast (8)
 z - a wand of mindburst (3)
 F - a wand of digging (3)
Scrolls
 e - 7 scrolls of enchant armour
 h - a scroll of butterflies
 I - a scroll of enchant weapon
Potions
 a - 2 potions of haste
 b - 2 potions of magic
 g - a potion of brilliance
 i - 5 potions of lignification
 k - a potion of heal wounds {unknown}
 o - a potion of curing
 q - a potion of cancellation
 x - a potion of attraction
 y - a potion of flight
 A - a potion of might
 C - a potion of resistance {unknown}
 G - a potion of invisibility {unknown}


   Skills:
 + Level 9.4 Fighting
 + Level 8.2 Armour
 + Level 5.4 Dodging
 - Level 2.1 Stealth
 + Level 8.1 Spellcasting
 + Level 8.8 Conjurations
 - Level 0.7 Transmutations
 - Level 10.2 Earth Magic


You had 23 spell levels left.
You knew the following spells:

 Your Spells              Type           Power      Damage    Failure   Level
a - Sandblast             Erth           100%       2d20      1%          1
b - Stone Arrow           Conj/Erth      100%       3d13      1%          3

Your spell library contained the following spells:

 Spells                   Type           Power      Damage    Failure   Level
 Sticky Flame             Conj/Fire      32%        2d5       3%          4
 Passwall                 Tmut/Erth      30%        N/A       1%          2
 Static Discharge         Conj/Air       64%        2-5/arc   1%          2
 Beastly Appendage        Tmut           26%        N/A       4%          1
 Apportation              Tloc           20%        N/A       7%          1
 Petrify                  Tmut/Erth      37%        N/A       7%          4
 Irradiate                Conj/Tmut      17%        3d17      7%          5
 Wereblood                Tmut           13%        N/A       8%          2
 Animate Armour           Summ/Erth      70%        N/A       9%          4
 Arcjolt                  Conj/Air       16%        1d26      9%          5
 Lightning Bolt           Conj/Air       16%        1d30      9%          5
 Ensorcelled Hibernation  Hex/Ice        20%        N/A       11%         2
 Freezing Cloud           Conj/Ice/Air   12%        6-21      16%         5
 Spider Form              Tmut/Pois      11%        N/A       19%         3
 Portal Projectile        Hex/Tloc       20%        N/A       21%         3
 Tukima's Dance           Hex            10%        N/A       21%         3
 Vhi's Electric Charge    Tloc/Air       20%        N/A       21%         3
 Anguish                  Hex/Necr       5%         N/A       56%         4
 Blade Hands              Tmut           6%         N/A       80%         5
 Alistair's Intoxication  Tmut/Pois      7%         N/A       86%         5
 Lehudib's Crystal Spear  Conj/Erth      27%        10d7      89%         8
 Simulacrum               Ice/Necr       5%         N/A       100%        6
 Polar Vortex             Ice            5%         N/A       100%        9
 Sublimation of Blood     Necr           Unusable   N/A       N/A         2

Dungeon Overview and Level Annotations

Branches:
Dungeon (12/15)            Temple (1/1) D:4            Lair (0/5) D:9
    Orc (0/2) D:11         Bailey (visited)

Altars:
Ashenzari
Cheibriados
Dithmenos
Elyvilon
Fedhas
Gozag
Hepliaklqana
Kikubaaqudgha
Makhleb
Nemelex Xobeh
Okawaru
Qazlal
Ru
Sif Muna
Trog
Uskayaw
Vehumet
Wu Jian
Xom
Yredelemnul
Zin
The Shining One

Shops:
D:4 ?   D:6 *


Innate Abilities, Weirdness & Mutations

You are immune to sickness and miasma.
Your stone body is resilient. (AC +8)
You are immune to poison.
You resist negative energy. (rN+)
You are resistant to electric shocks. (rElec)
You are resistant to unholy torment.
You are immune to petrification.


Message History

The slime creature is almost dead.
Your +7 flail "Fauhis" {spect, rPois} hits the slime creature!
You kill the slime creature!
Vehumet accepts your kill.
You feel your power returning.
You sock the large slime creature!
The large slime creature is lightly wounded.
Your +7 flail "Fauhis" {spect, rPois} hits the large slime creature!
The large slime creature hits you!!
* * * LOW HITPOINT WARNING * * *
The large slime creature attacks as you move away!
The large slime creature closely misses you.
The large slime creature attacks as you move away!
The large slime creature closely misses you.
There is a stone staircase leading up here.
Casting: Stone Arrow (safe; 1% risk of failure)
Confirm with . or Enter, or press ? or * to list all spells.
Aiming: Stone Arrow (safe; 1% risk of failure)
Press: ? - help, Shift-Dir - straight line, f - large slime creature
Aim: a large slime creature (lightly wounded, 95% to hit)
The stone arrow hits the large slime creature!!
The large slime creature is moderately wounded.
A large slime creature splits.
You hit the slime creature.
The slime creature is heavily wounded.
Your +7 flail "Fauhis" {spect, rPois} hits the slime creature!
The slime creature hits your +7 flail "Fauhis" {spect, rPois}!
Your spectral weapon shares its damage with you!
* * * LOW HITPOINT WARNING * * *
The slime creature hits you.
* * * LOW HITPOINT WARNING * * *
The slime creature hits your +7 flail "Fauhis" {spect, rPois}!
Your spectral weapon shares its damage with you!
Your +7 flail "Fauhis" {spect, rPois} fades away.
* * * LOW HITPOINT WARNING * * *
You feel better. The slime creature closely misses you.
The slime creature hits you!
* * * LOW HITPOINT WARNING * * *
You feel better. The slime creature hits you!
You die...

#.# .### ... ...
#.. ###.##.#
.....#......#
............#
.... #..#.####
.....#+#........
.......JJ.######
.......@..#
..........#
...#####.## ..
#.# . #.# ..#
.##


You could see 2 slime creatures.

Vanquished Creatures
  3 death yaks (D:8)
  2 two-headed ogres
  2 orc knights
  A cyclops (D:11)
  Joseph (D:7)
  A gargoyle (D:10)
  Maggie (D:8)
  2 unseen horrors (D:10)
  Psyche (D:8)
  3 slime creatures (D:12)
  2 water elementals (D:11)
  A shadow (D:9)
  A wyvern (D:5)
  7 yaks
  2 wraiths (D:11)
  A steam dragon (D:8)
  3 acid dragons
  A water moccasin (D:7)
  Duvessa (D:7)
  A sky beast (D:7)
  14 orc warriors
  An ice beast (D:8)
  2 ogres
  2 centaurs (D:8)
  12 kobold brigands
  3 bullfrogs
  A necrophage (D:5)
  5 scorpions
  4 wights (D:9)
  Dowan (D:7)
  An electric eel (D:11)
  5 orc priests
  4 hounds
  5 jellies
  2 gnoll boudas
  5 iguanas
  6 orc wizards
  A statue (D:7)
  22 gnolls
  2 river rats
  11 adders
  A white imp (D:8)
  3 dart slugs
  47 orcs
  6 ball pythons
  7 bats
  6 endoplasms
  2 giant cockroaches
  7 goblins
  14 hobgoblins
  7 jackals
  7 quokkas
  20 kobolds
  7 rats
280 creatures vanquished.

Notes
Turn   | Place    | Note
-------+----------+-------------------------------------------
     0 | D:1      | Decritt the Gargoyle Earth Elementalist began the quest for
                  | the Orb.
     0 | D:1      | Reached XP level 1. HP: 10/10 MP: 3/3
   136 | D:1      | Reached XP level 2. HP: 16/16 MP: 3/5
   196 | D:1      | Reached skill level 1 in Fighting
   317 | D:1      | Reached skill level 4 in Earth Magic
   620 | D:1      | Reached XP level 3. HP: 13/20 MP: 1/6
  1278 | D:2      | Reached XP level 4. HP: 23/26 MP: 4/8
  1607 | D:2      | Reached XP level 5. HP: 31/31 MP: 7/9
  1757 | D:2      | Reached skill level 5 in Earth Magic
  2073 | D:3      | Learned a level 3 spell: Stone Arrow
  2076 | D:3      | Learned a level 2 spell: Passwall
  2857 | D:4      | Found a staircase to the Ecumenical Temple.
  2871 | D:4      | Identified the +5 sling "Iqusos" {vorpal, Str+3 Int+2}
  2888 | Temple   | Entered the Ecumenical Temple
  3006 | D:4      | Reached skill level 1 in Conjurations
  3009 | D:4      | Reached XP level 6. HP: 32/37 MP: 6/11
  3336 | D:4      | Found an ancient bone altar of Kikubaaqudgha.
  3353 | D:4      | Found Kimnefeo's Magic Scroll Shoppe.
  3362 | D:4      | Bought a scroll of identify for 20 gold pieces
  3362 | D:4      | Bought a scroll of butterflies for 40 gold pieces
  3362 | D:4      | Bought a scroll of identify for 20 gold pieces
  3362 | D:4      | Bought a scroll of identify for 20 gold pieces
  3362 | D:4      | Bought a scroll of butterflies for 40 gold pieces
  3515 | D:5      | Entered Level 5 of the Dungeon
  3600 | D:5      | Reached XP level 7. HP: 38/42 MP: 4/12
  3815 | D:5      | Reached skill level 6 in Earth Magic
  4256 | D:5      | Noticed a wyvern
  4264 | D:5      | Killed a wyvern
  4265 | D:5      | Reached skill level 1 in Armour
  4364 | D:5      | Reached XP level 8. HP: 48/48 MP: 10/14
  4692 | D:5      | Reached skill level 5 in Fighting
  4874 | D:6      | Reached skill level 7 in Earth Magic
  5103 | D:6      | Reached skill level 5 in Spellcasting
  5361 | D:6      | Found Qezanaf's General Store.
  5443 | D:6      | Identified the +7 flail "Fauhis" {spect, rPois}
  5738 | D:7      | Reached XP level 9. HP: 55/55 MP: 13/16
  5847 | D:7      | Found a radiant altar of Vehumet.
  5857 | D:7      | Became a worshipper of Vehumet
  5924 | D:7      | Reached skill level 5 in Conjurations
  6223 | D:7      | Noticed Duvessa
  6223 | D:7      | Noticed Dowan
  6224 | D:7      | Killed Dowan
  6227 | D:7      | Killed Duvessa
  6377 | D:7      | Noticed Joseph
  6545 | D:7      | Killed Joseph
  6546 | D:7      | Reached skill level 8 in Earth Magic
  6907 | D:8      | Noticed Psyche
  6916 | D:8      | Killed Psyche
  7184 | D:8      | Reached skill level 5 in Armour
  7304 | D:8      | Noticed Maggie
  7332 | D:8      | Killed Maggie
  7332 | D:8      | Reached * piety under Vehumet
  7332 | D:8      | Offered knowledge of Kiss of Death by Vehumet.
  7333 | D:8      | Reached XP level 10. HP: 40/63 MP: 4/19
  7422 | D:8      | Identified the +1 scale mail of Salvation {Harm rF+}
  7480 | D:8      | Identified the +10 sling of Dim Light {flame, Fly rF++
                  | rCorr Int-4}
  7912 | D:8      | Identified the +2 leather armour of the Pits of Slime {rF++
                  | Int+4 Slay-5}
  8205 | D:8      | Reached skill level 9 in Earth Magic
  8324 | D:9      | Noticed a death yak
  8332 | D:9      | Noticed a death yak
  8333 | D:9      | Noticed a death yak
  8348 | D:8      | Killed a death yak
  8598 | D:8      | Killed a death yak
  8909 | D:8      | Killed a death yak
  9030 | D:9      | Reached XP level 11. HP: 60/68 MP: 21/21
  9280 | D:9      | Found a staircase to the Lair.
 10100 | D:10     | Entered Level 10 of the Dungeon
 10164 | D:10     | Noticed a two-headed ogre
 10176 | D:10     | Killed a two-headed ogre
 10177 | D:10     | Reached skill level 10 in Earth Magic
 10235 | D:10     | Found a basalt altar of Yredelemnul.
 10246 | D:10     | Offered knowledge of Shock by Vehumet.
 10251 | D:10     | Reached ** piety under Vehumet
 10253 | D:10     | Found a flagged portal.
 10265 | Bailey   | Entered a bailey
 10409 | Bailey   | Noticed an orc knight
 10443 | Bailey   | Found an iron altar of Okawaru.
 10724 | Bailey   | Killed an orc knight
 11094 | D:10     | Found a shadowy altar of Dithmenos.
 11094 | D:10     | Found a bloodstained altar of Trog.
 11284 | D:10     | Found a sparkling altar of Nemelex Xobeh.
 11358 | D:10     | Offered knowledge of Frozen Ramparts by Vehumet.
 11684 | D:11     | Noticed a two-headed ogre
 11690 | D:11     | Killed a two-headed ogre
 11694 | D:11     | Noticed a cyclops
 11703 | D:11     | Killed a cyclops
 11704 | D:11     | Reached skill level 5 in Dodging
 12138 | D:11     | Noticed an orc knight
 12142 | D:11     | Found a staircase to the Orcish Mines.
 12152 | D:11     | Killed an orc knight
 12152 | D:11     | Reached *** piety under Vehumet
 12299 | D:11     | Identified the +6 long sword of Proximity {vorpal, rCorr}
 12382 | D:11     | Reached XP level 12. HP: 76/76 MP: 14/24
 12432 | D:11     | Offered knowledge of Sticky Flame by Vehumet.
 12665 | D:12     | HP: 2/76 [slime creature (13)]
 12666 | D:12     | Mangled by a slime creature

Illustrated notes

Levels and vault maps discovered:
D:1:      ebering_hopf_link, layout_loops_corners
D:2:      layout_rooms, nrook_mini_vaults
D:3:      layout_basic, guppyfry_early_orc_mine
D:4:      cheibrodos_helix_gallery, layout_cave_pools,
          kiku_gazebo_garden_becter, minmay_temple_entry_sparse_star,
          serial_shops, nicolae_shop_crystal
D:5:      layout_basic, kennysheep_generic_room_2
D:6:      layout_cave_pools, serial_shops, nicolae_shop_advertising_works
          [nicolae_subvault_shop_adworks], nicolae_lava_and_water
D:7:      layout_basic, vehumet_statue, uniq_joseph, uniq_duvessa
D:8:      layout_loops_corners, st_stairs_13, uniq_psyche, uniq_maggie
D:9:      layout_stronghold, dpeg_lair_monsters, kennysheep_pointless_box
D:10:     layout_gridville, mainiacjoe_overflow_chevrons,
          mainiacjoe_overflow_divided_tiny, lemuel_doored_altar,
          lightli_bailey_entry_fortress, st_stairs_5
D:11:     layout_big_octagon, david_orc_5
D:12:     layout_basic, enter_trove_0
Temple:   nicolae_temple_superstar

Skill      XL: |  1  2  3  4  5  6  7  8  9 10 11 |
---------------+----------------------------------+-----
Fighting       | 1 2 3 4 5 7 8 9 |  9.4
Earth Magic    | 4 5 6 7 8 9 10 | 10.2
Spellcasting   | 3 4 5 6 7 8 |  8.1
Conjurations   | 1 2 3 4 6 7 8 |  8.8
Armour         | 1 3 5 6 8 |  8.2
Dodging        | 2 3 5 |  5.4
Stealth        | |  2.1
Transmutations | |  0.7

Action                   |  1- 3 |  4- 6 |  7- 9 | 10-12 || total
-------------------------+-------+-------+-------+-------++-------
Melee: Spear             |       |    30 |       |       ||    30
       Flail             |       |       |    30 |   140 ||   170
       Punch             |       |       |       |     1 ||     1
 Fire: Sling             |       |    30 |    58 |       ||    88
 Cast: Sandblast         |    41 |    79 |    30 |     6 ||   156
       Stone Arrow       |       |     1 |    77 |   131 ||   209
  Use: Scroll            |       |     9 |     3 |     8 ||    20
       Potion            |       |       |       |     2 ||     2
 Stab: Sleeping          |       |     1 |       |       ||     1
Armor: Robe              |     3 |    18 |    11 |     1 ||    33
       Leather armour    |       |    13 |    32 |   133 ||   178
Dodge: Dodged            |    10 |    44 |    62 |   222 ||   338

Table legend: (Time is in decaauts)
 A = Elapsed time spent in this place.
 B = Non-inter-level travel time spent in this place.
 C = Inter-level travel time spent in this place.
 D = Time resting spent in this place.
 E = Time spent auto-exploring this place.
 F = Levels seen in this place.
 G = Mean time per level.
                   A        B        C        D        E       F      G
               +--------+--------+--------+--------+--------+-----+--------+
         Total |  12862 |  12486 |    376 |   2088 |   8311 |  14 |  918.7 |
       Dungeon |  12098 |  11736 |    362 |   1707 |   8149 |  12 | 1008.2 |
        Temple |    104 |     90 |     14 |      0 |     72 |   1 |  104.0 |
        Bailey |    659 |    659 |      0 |    381 |     90 |   1 |  659.0 |
               +--------+--------+--------+--------+--------+-----+--------+

Top non-repeatable levels by time:
     D:8: 1798 daAuts
     D:7: 1357 daAuts
     D:1: 1347 daAuts
     D:5: 1313 daAuts
     D:9: 1175 daAuts
     D:6: 1011 daAuts
    D:11: 977 daAuts
    D:10: 959 daAuts
     D:3: 734 daAuts
     D:4: 723 daAuts
     D:2: 674 daAuts
  Bailey: 659 daAuts
  Temple: 104 daAuts
    D:12: 24 daAuts
